 Dungeon Crawl Stone Soup version 0.31-a0-233-g139696dc86 (webtiles) character file.

Game seed: 16342914774194713334

184 qw the Shooter (level 5, -6/45 HPs)
             Began as a Minotaur Hexslinger on July 7, 2023.
             Mangled by a gnoll
             ... wielding a +0 flail
             ... led by a gnoll bouda
              (10 damage)
             ... on level 4 of the Dungeon.
             The game lasted 00:00:53 (2147 turns).

qw the Shooter (Minotaur Hexslinger)                Turns: 2147, Time: 00:00:54

Health: -6/45      AC:  4    Str: 13    XL:     5   Next: 36%
Magic:  5/5        EV: 12    Int: 10    God:
Gold:   195        SH:  0    Dex: 14    Spells: 5/6 levels left

rFire   . . .        Y - +1 orcbow
rCold   . . .        (shield currently unavailable)
rNeg    . . .        b - +1 leather armour {rPois}
rPois   +            (helmet restricted)
rElec   .            (no cloak)
rCorr   .            (no gloves)
SInv    .            (no boots)
Will    .....        (no amulet)
Stlth   +            (no ring)
HPRegen 0.27/turn    (no ring)
MPRegen 0.09/turn

%: no passive effects
@: no status effects
A: horns 2, retaliatory headbutt
a: no special abilities


You were on level 4 of the Dungeon.
You visited 1 branch of the dungeon, and saw 4 of its levels.

You collected 195 gold pieces.


Innate Abilities, Weirdness & Mutations

You have a pair of horns on your head.
You reflexively headbutt those who attack you in melee.


   Skills:
 - Level 3.0 Fighting
 + Level 5.5 Ranged Weapons
 - Level 1.1 Armour
 - Level 2.1 Dodging
 - Level 1.0 Spellcasting
 - Level 2.0 Hexes


You had 5 spell levels left.
You knew the following spells:

 Your Spells              Type           Power      Damage    Failure   Level
a - Slow                  Hex            16%        N/A       19%         1

Your spell library contained the following spells:

 Spells                   Type           Power      Damage    Failure   Level
 Inner Flame              Hex/Fire       2%         N/A       65%         3
 Portal Projectile        Hex/Tloc       4%         N/A       65%         3
 Cause Fear               Hex            2%         N/A       88%         4

Inventory:

Hand Weapons
 Y - a +1 orcbow (weapon)
Armour
 b - a +1 leather armour of poison resistance (worn)
Jewellery
 f - a ring of poison resistance
Scrolls
 a - a scroll of identify
 e - a scroll of teleportation
 h - a scroll of fog {unknown}
Potions
 c - a potion of heal wounds
 d - 2 potions of curing
 g - a potion of enlightenment

Dungeon Overview and Level Annotations

Branches:
Dungeon (4/15)
 Temple: D:4-7

Altars:

Shops:
D:1 =   D:2 (


Message History

A gnoll comes into view. It is wielding a +0 club.
The adder closely misses you.
A goblin comes into view. It is wielding a +0 club.
A gnoll comes into view. It is wielding a +0 club.
The adder barely misses you.
The gnoll moves out of view.
You shoot an arrow. The arrow misses the adder.
The gnoll shouts!
You feel sick.
You hear a bark!
A gnoll comes into view. It is wielding a +0 whip.
The adder barely misses you. You furiously retaliate!
You headbutt the adder. You shoot an arrow. The arrow barely misses the adder.
You feel sick. The adder misses you. You furiously retaliate!
You headbutt the adder.
A gnoll comes into view. It is wielding a +0 flail.
The gnoll bouda hits you with a +0 whip.
The adder bites you but does no damage.
A gnoll comes into view. It is wielding a +0 flail.
The gnoll moves out of view.
You shoot an arrow. The arrow hits the adder.
The adder is severely wounded.
You feel sick.
You are no longer poisoned.
The adder bites you.
The gnoll bouda hits you with a +0 whip!
The adder bites you.
You shoot an arrow. The arrow hits the adder!
You kill the adder!
The gnoll bouda hits you but does no damage.
The gnoll hits you but does no damage.
You shoot an arrow.
The arrow hits the gnoll bouda but does no damage.
The gnoll bouda hits you with a +0 whip.
The gnoll closely misses you. The gnoll hits you but does no damage.
The gnoll bouda closely misses you. The gnoll completely misses you.
You shoot an arrow.
The arrow hits the gnoll bouda but does no damage.
The gnoll hits you with a +0 whip. The gnoll hits you with a +0 club!
The gnoll hits you with a +0 flail!
You die...

.. .. #.# #########
.... ## #.#
#.......##...# .# #.#
#.......#.... .#
#.#####..........# %##
#............g#..#
)<###..........gggg..#
..##...........g@g#
..................#
.............######
...........###
........#### ........#
........# ........#
.......(#


You could see a gnoll bouda, 5 gnolls and a goblin.

Vanquished Creatures
  3 hounds
  2 adders
  A worm (D:3)
  4 dart slugs
  6 orcs (D:3)
  4 ball pythons
  5 endoplasms
  2 giant cockroaches (D:1)
  5 goblins
  5 hobgoblins
  5 bats
  6 frilled lizards
  6 kobolds
  5 rats
59 creatures vanquished.

Notes
Turn   | Place    | Note
-------+----------+-------------------------------------------
     0 | D:1      | qw the Minotaur Hexslinger began the quest for the Orb.
     0 | D:1      | Reached XP level 1. HP: 16/16 MP: 1/1
     0 | D:1      | 0 ||| qw: Version: 0.3-a-46-gb1f654a
     0 | D:1      | 0 ||| qw: Game counter: 3201
     0 | D:1      | 0 ||| qw: Melee chars always use a shield: true
     0 | D:1      | 0 ||| qw: God list: Okawaru
     0 | D:1      | 0 ||| qw: Allow faded altars: false
     0 | D:1      | 0 ||| qw: Do Orc after clearing Dungeon:15 true
     0 | D:1      | 0 ||| qw: Do second Lair branch before Depths: true
     0 | D:1      | 0 ||| qw: Lair rune preference: random
     0 | D:1      | 0 ||| qw: Goals: Normal
     0 | D:1      | 0 ||| PLANNING D:1-11
    68 | D:1      | Found Retoejeo's Jewellery Shop.
    77 | D:1      | 77 ||| SHOPLISTING +5 ring of evasion (396 gold, have 26).
    77 | D:1      | 77 ||| SHOPLISTING amulet of regeneration (330 gold, have
                  | 26).
    77 | D:1      | 77 ||| SHOPLISTING amulet of the acrobat (330 gold, have
                  | 26).
    77 | D:1      | 77 ||| SHOPLISTING ring of fire (275 gold, have 26).
    77 | D:1      | 77 ||| SHOPLISTING ring of protection from cold (275 gold,
                  | have 26).
   143 | D:1      | Reached skill level 3 in Ranged Weapons
   143 | D:1      | Reached XP level 2. HP: 21/23 MP: 2/2
   447 | D:1      | 447 ||| UPGRADING to +0 leather armour.
   457 | D:1      | 457 ||| DROPPING +0 robe.
   458 | D:1      | 458 ||| READING scroll labelled VEBBOTOIVI.
   459 | D:1      | 459 ||| READING scroll labelled YPEURA NUIWOA.
   460 | D:1      | 460 ||| READING scroll labelled RASTIEP YRYPAS.
   461 | D:1      | 461 ||| READING scroll labelled BAQEIS SOMAEXZOKH.
   462 | D:1      | 462 ||| READING scroll labelled JEES KEWKAE.
   463 | D:1      | 463 ||| DRINKING 2 fizzy white potions.
   464 | D:1      | 464 ||| DROPPING scroll of poison.
   582 | D:2      | 582 ||| FLEEEEING.
   651 | D:2      | Found Misaukar's Weapon Emporium.
   710 | D:2      | Reached XP level 3. HP: 29/29 MP: 3/3
   750 | D:2      | 750 ||| SWAPPING to +0 orcbow.
   751 | D:2      | 751 ||| DROPPING +2 sling.
  1110 | D:2      | 1110 ||| UPGRADING to +0 ring mail.
  1120 | D:2      | 1120 ||| DROPPING +0 leather armour.
  1121 | D:2      | 1121 ||| READING scroll labelled KAEFOM YNUCY.
  1122 | D:2      | 1122 ||| READING 2 scrolls labelled KAGHYSHOYJ.
  1126 | D:2      | 1126 ||| DRINKING 3 sedimented ruby potions.
  1127 | D:2      | 1127 ||| READING 2 scrolls of identify.
  1127 | D:2      | 1127 ||| IDENTIFYING grey potion
  1128 | D:2      | 1128 ||| DROPPING 2 potions of attraction.
  1175 | D:3      | Reached skill level 4 in Ranged Weapons
  1257 | D:3      | Reached skill level 1 in Armour
  1505 | D:3      | Reached XP level 4. HP: 36/36 MP: 4/4
  1652 | D:3      | 1652 ||| READING scroll of enchant weapon.
  1652 | D:3      | 1652 ||| ENCHANTING +0 orcbow.
  1874 | D:3      | 1874 ||| UPGRADING to +1 leather armour of poison
                  | resistance.
  1884 | D:3      | 1884 ||| DROPPING +0 ring mail.
  1885 | D:3      | 1885 ||| DRINKING 2 glowing brown potions.
  1886 | D:3      | 1886 ||| READING 2 scrolls of identify.
  1886 | D:3      | 1886 ||| IDENTIFYING fizzy grey potion
  1887 | D:3      | 1887 ||| DROPPING potion of degeneration.
  1924 | D:4      | Reached skill level 5 in Ranged Weapons
  1927 | D:4      | Reached XP level 5. HP: 37/41 MP: 5/5
  1990 | D:4      | Reached skill level 3 in Fighting
  2029 | D:4      | 2029 ||| FLEEEEING.
  2030 | D:4      | 2030 ||| STAIRDANCE
  2101 | D:4      | 2101 ||| STAIRDANCE
  2147 | D:4      | HP: 4/45 [gnoll/+0 club[a gnoll bouda] (8)]
  2147 | D:4      | Mangled by a gnoll

Levels and vault maps discovered:
D:1:      onia_arrival_pyramid, layout_basic, serial_shops,
          nicolae_lakefront_shop
D:2:      layout_loops_cross, serial_shops, shop
D:3:      layout_loops_cross, hangedman_decor_growths,
          chequers_serial_rivers_marsh, minmay_hedge_maze
D:4:      layout_rooms

Skill      XL: |  1  2  3  4  5 |
---------------+----------------+-----
Ranged Weapons | 3 4 5 |  5.5
Fighting       | 2 3 |  3.0
Armour         | 1 |  1.1
Dodging        | |  2.1
Spellcasting   | |  1.0
Hexes          | |  2.0

Action                     |  1- 3 |  4- 6 || total
---------------------------+-------+-------++-------
   Fire: Sling             |    57 |       ||    57
         Orcbow            |    53 |    67 ||   120
    Use: Scroll            |     8 |     2 ||    10
         Potion            |     2 |     1 ||     3
 Armour: Robe              |     2 |       ||     2
         Ring mail         |     7 |    10 ||    17
         Leather armour    |     2 |    13 ||    15
  Dodge: Dodged            |    27 |    43 ||    70

Table legend:
 A = Non-vault XP
 B = Vault XP
 C = Vault XP percentage of total XP
 D = Non-vault monster count
 E = Vault monster count
 F = Vault count percentage of total count
                 A         B        C        D         E       F
            +---------+---------+-------+---------+---------+-------
      Total |     264 |       0 |   0.0 |      59 |       0 |   0.0
            +---------+---------+-------+---------+---------+-------
        D:1 |      26 |       0 |   0.0 |      16 |       0 |   0.0
        D:2 |      36 |       0 |   0.0 |      18 |       0 |   0.0
        D:3 |      85 |       0 |   0.0 |      16 |       0 |   0.0
        D:4 |     117 |       0 |   0.0 |       9 |       0 |   0.0
            +---------+---------+-------+---------+---------+-------
